 Dungeon Crawl Stone Soup version 0.31.0-1-g2c135a0 (webtiles) character file.

Game seed: 2555841153992506559

32 DragonEye the Ruffian (level 3, 0/22 (23) HPs)
             Began as an Octopode Shapeshifter on Feb 27, 2024.
             Constricted to death by a ball python (1 damage)
             ... on level 1 of the Dungeon on Feb 28, 2024.
             The game lasted 00:02:34 (299 turns).

DragonEye the Ruffian (Octopode Shapeshifter)        Turns: 299, Time: 00:02:37

HP:   0/22 (23)     AC:  1    Str: 15    XL:     3   Next: 27%
MP:   3/3           EV: 10    Int: 12    God:
Gold: 39            SH:  0    Dex: 11    Spells: 2/2 levels left

rFire   . .          .
                       - Unarmed
rCold   . . .        (no shield)
rNeg    . . .        (helmet currently unavailable)
rPois   .            (no amulet)
rElec   .            (no ring)
rCorr   .            (no ring)
SInv    .            (no ring)
Will    .....        (no ring)
Stlth   ++           (no ring)
HPRegen 0.23/turn    (no ring)
MPRegen 0.08/turn    (no ring)
                     (no ring)

%: no passive effects
@: beast-form, constricted, lightly drained
A: beast (slay +2), almost no armour, amphibious, 8 rings, camouflage 1,
gelatinous body 1, (nimble swimmer 1), tentacles
a: Begin Untransformation


You were on level 1 of the Dungeon.
You were a hulking beast.
You visited 1 branch of the dungeon, and saw 1 of its levels.

You collected 39 gold pieces.

Inventory:

Talismans
 b - a beast talisman (active)
 c - a flux talisman
Scrolls
 d - a scroll of fear {unknown}
 e - a scroll of teleportation {unknown}
Potions
 a - a potion of lignification
 f - a potion of haste {unknown}


   Skills:
 + Level 1.0 Fighting
 + Level 2.0 Dodging
 + Level 0.2 Stealth
 + Level 3.6 Unarmed Combat
 + Level 3.5 Shapeshifting


You had 2 spell levels left.
You didn't know any spells.
Your spell library was empty.

Dungeon Overview and Level Annotations

Branches:
Dungeon (1/15)

Altars:


Innate Abilities, Weirdness & Mutations

You are a hulking beast.
Your limbs bulge with bestial killing power. (Slay +2)
You cannot wear most types of armour.
You are amphibious.
You can wear up to eight rings at the same time.
Your skin changes colour to match your surroundings (Stealth+).
Your rubbery body absorbs attacks. (AC +1, EV +1)
((You are camouflaged when in or above water. (Stealth+)))
You have tentacles for arms and can constrict up to eight enemies at once.


Message History

A kobold comes into view. It is wielding a +0 dagger.
The quokka closely misses you.
The kobold shouts!
You hear a bark!
The hobgoblin hits you.
* * * LOW HITPOINT WARNING * * *
The kobold attacks as it pursues you! The kobold barely misses you.
A jackal comes into view.
Things that are here:
a +1 short sword of draining; 4 stones Unknown command.
Found 7 gold pieces.
The jackal barks!
You hear a bark! x2; You hear a shout!
A bat comes into view.
The quokka attacks as it pursues you! The quokka misses you.
The ball python bites you.
* * * LOW HITPOINT WARNING * * *
The ball python barely misses you. The kobold attacks as it pursues you!
The kobold completely misses you.
The bat moves out of view.
You bludgeon the quokka!
You kill the quokka!
The giant cockroach barely misses you. The ball python closely misses you.
The ball python misses you. The dart slug launches a dart at you.
The slug dart misses you.
The kobold hits you with a +0 short sword.
* * * LOW HITPOINT WARNING * * *
A jackal comes into view.
You barely miss the hobgoblin. You grab the hobgoblin.
You squeeze the hobgoblin, but do no damage.
You constrict the hobgoblin. The giant cockroach bites you.
* * * LOW HITPOINT WARNING * * *
The ball python bites you.
* * * LOW HITPOINT WARNING * * *
The ball python grabs you. The ball python constricts you.
* * * LOW HITPOINT WARNING * * *
The hobgoblin closely misses you.
A goblin comes into view. It is wielding a +0 dagger.
The kobold barely misses you. The ball python barely misses you.
The ball python constricts you.
You die...

.........................
.#.....
.........................
......
#.....#####.............
#..... .........)!......
#....$ #................
............[.....
##................
#.......Kgw......
#........hJ....##
##....KBS...##
#.###.hb..## #. #.....# .
##...#.# .h..##g$ ..#..
#.# ...#.. #.


You could see a dart slug, an endoplasm, 2 jackals, a giant cockroach, a
hobgoblin, a goblin, a bat, a ball python and 2 kobolds.

Vanquished Creatures
  A gnoll (D:1)
  2 dart slugs (D:1)
  A bat (D:1)
  3 endoplasms (D:1)
  4 goblins (D:1)
  2 quokkas (D:1)
  A ball python (D:1)
  A frilled lizard (D:1)
  2 kobolds (D:1)
17 creatures vanquished.

Notes
Turn   | Place    | Note
-------+----------+-------------------------------------------
     0 | D:1      | DragonEye the Octopode Shapeshifter began the quest for the
                  | Orb.
     0 | D:1      | Reached XP level 1. HP: 13/13 MP: 1/1
    14 | D:1      | Reached XP level 2. HP: 18/18 MP: 2/2
   246 | D:1      | Reached XP level 3. HP: 23/23 MP: 3/3
   299 | D:1      | HP: 1/22 [constriction (1)]
   299 | D:1      | Constricted to death by a ball python

Illustrated notes

Levels and vault maps discovered:
D:1:      psy_arrival_spokes, layout_rooms, st_stairs_7, minmay_heptomino_w4

Action                     || total
---------------------------++-------
  Melee: Unarmed           ||    25
         Constrict         ||     6
         Tentacles         ||     6
         Punch             ||     1
   Stab: Sleeping          ||     1
 Armour: Skin              ||    22
  Dodge: Dodged            ||    33
   Form: Beast             ||     1
